 Dungeon Crawl Stone Soup version 0.24-a0-434-gd57e52fea8 (console) character file.

Game seed: 14016792687240314923

326 Lexodia the Insei (level 6, -11/47 HPs)
             Began as a Gnoll Transmuter on June 17, 2019.
             Was an Initiate of Cheibriados.
             Mangled by an orc warrior
             ... wielding a +0 battleaxe
              (12 damage)
             ... on level 7 of the Dungeon.
             The game lasted 00:05:51 (2466 turns).

Lexodia the Insei (Gnoll Transmuter)                Turns: 2466, Time: 00:05:52

Health: -11/47     AC:  2    Str: 13    XL:     6   Next: 49%
Magic:  9/14       EV: 24    Int: 18    God:    Cheibriados [......]
Gold:   166        SH:  0    Dex: 22    Spells: 9/15 levels left

rFire    . . .     SeeInvis .     - Unarmed
rCold    . . .     Gourm    .   (shield currently unavailable)
rNeg     . . .     Faith    .   (armour currently unavailable)
rPois    x         Spirit   .   (helmet currently unavailable)
rElec    .         Reflect  .   (cloak currently unavailable)
rCorr    .         Harm     .   (gloves currently unavailable)
MR       .....                  (boots currently unavailable)
Stlth    ++........             (no amulet)
HPRegen  0.15/turn              (no ring)
MPRegen  0.14/turn              (no ring)

@: spider-form, very slow
A: tiny, distributed training, strong nose
a: End Transformation, Bend Time, Renounce Religion


You were on level 7 of the Dungeon.
You worshipped Cheibriados.
Cheibriados was noncommittal.
You were not hungry.
You were a venomous arachnid creature.
You visited 1 branch of the dungeon, and saw 5 of its levels.

You collected 166 gold pieces.

Inventory:

Missiles
 a - 31 arrows
 i - 99 stones (quivered)
 j - 2 boomerangs
Armour
 b - a +0 robe (melded)
Scrolls
 e - 3 scrolls of teleportation {unknown}
 f - a scroll of remove curse {unknown}
 h - 10 scrolls of identify {unknown}
 l - a scroll of amnesia {unknown}
 m - a scroll of magic mapping {unknown}
 n - a scroll of enchant weapon {unknown}
Potions
 c - a potion of curing {unknown}
 g - 2 potions of flight {unknown}
 o - a potion of cancellation {unknown}
 p - a potion of ambrosia {unknown}
 q - a potion of invisibility {unknown}
Comestibles
 d - 5 rations
 k - 5 chunks of flesh


   Skills:
 + Level 3.2 Fighting
 + Level 2.0 Short Blades
 + Level 2.0 Long Blades
 + Level 2.0 Axes
 + Level 2.0 Maces & Flails
 + Level 2.0 Polearms
 + Level 2.0 Staves
 + Level 2.0 Slings
 + Level 2.0 Bows
 + Level 2.0 Crossbows
 + Level 2.0 Throwing
 + Level 2.0 Armour
 + Level 5.0 Dodging
 + Level 2.0 Stealth
 + Level 2.0 Shields
 + Level 6.8 Unarmed Combat
 + Level 5.3 Spellcasting
 + Level 1.5 Conjurations
 + Level 1.5 Hexes
 + Level 1.5 Charms
 + Level 1.5 Summonings
 + Level 1.5 Necromancy
 + Level 1.5 Translocations
 + Level 4.1 Transmutations
 + Level 1.5 Fire Magic
 + Level 1.5 Ice Magic
 + Level 1.5 Air Magic
 + Level 1.5 Earth Magic
 + Level 1.5 Poison Magic
 + Level 2.1 Invocations
 + Level 2.0 Evocations


You had 9 spell levels left.
You knew the following spells:

 Your Spells              Type           Power        Failure   Level  Hunger
a - Beastly Appendage     Tmut           ###...       9%          1    None
b - Sticks to Snakes      Tmut           ###.....     12%         2    #......
c - Spider Form           Tmut/Pois      ###.......   28%         3    ##.....

Your spell library contained the following spells:

 Spells                   Type           Power        Failure   Level  Hunger
 Ice Form                 Ice/Tmut       ###.....     58%         4    ####...
 Blade Hands              Tmut           ###.......   75%         5    ######.


Dungeon Overview and Level Annotations

Branches:
Dungeon (4/15)             Temple (0/1) D:7

Altars:
Ashenzari
Cheibriados
Elyvilon
Gozag
Ru
Xom
Yredelemnul
Zin


Innate Abilities, Weirdness & Mutations

Your experience applies equally to all skills.
((You have very sharp teeth.))
Your uncanny sense of smell can sniff out nearby items.


Message History

Your +0 robe unmelds from your body.
Casting: Spider Form (safe; 12% risk of failure)
Confirm with . or Enter, or press ? or * to list all spells.
You turn into a venomous arachnid creature.
Your +0 robe melds into your body.
You hit the orc warrior but do no damage.
The orc warrior hits you with a +0 battleaxe!!
Ouch! That really hurt!
* * * LOW HITPOINT WARNING * * *
You hear a shout!
Huge Dmg: -51%(-24hp) hp: 3%(1hp)
You hit the orc warrior.
The orc warrior is poisoned.
The orc warrior is lightly wounded.
The orc warrior barely misses you. The orc completely misses you.
You hit the orc warrior but do no damage.
The orc warrior looks as sick as possible!
The orc warrior is lightly wounded.
The orc completely misses you.
The orc warrior hits you with a +0 battleaxe!
You die...

....###.##########
................##
#.......÷_....# #
#.#÷...#####..#
#.#.#....#..[#..# .
#.#.#....#...#...#
.#..#...#....#.A.#...#
........o....#####...#
.#...#.$#s....._.....#
..#.#...##o#.......#.#
.>....o..#.######.
#.#..#####.. #..o#. ##
....... #.#.###


You could see an angel (confused), an orc warrior and an orc.

Vanquished Creatures
  A black bear (D:7)
  A scorpion (D:7)
  A hound (D:7)
  A worker ant (D:4)
  A worker ant zombie (D:7)
  5 adders
  An adder skeleton (D:4)
  2 worms
  A dart slug (D:1)
  6 leopard geckos
  An orc (D:7)
  A giant cockroach (D:2)
  8 goblins
  10 hobgoblins
  4 kobolds
  A quokka (D:3)
  9 bats
  6 frilled lizards (D:1)
  5 rats
65 creatures vanquished.

Notes
Turn   | Place    | Note
-------+----------+-------------------------------------------
     0 | D:1      | Lexodia the Gnoll Transmuter began the quest for the Orb.
     0 | D:1      | Reached XP level 1. HP: 17/17 MP: 6/6
    86 | D:1      | Huge Dmg: 3 dmg
   145 | D:1      | Reached XP level 2. HP: 12/23 MP: 5/7
   149 | D:1      | Learned a level 2 spell: Sticks to Snakes
   946 | D:2      | Reached XP level 3. HP: 23/28 MP: 7/9
   970 | D:2      | Reached skill level 5 in Spellcasting
   985 | D:2      | Reached skill level 1 in Invocations
   994 | D:2      | Learned a level 3 spell: Spider Form
  1039 | D:2      | Huge Dmg: 6 dmg
  1048 | D:2      | Huge Dmg: 5 dmg
  1051 | D:2      | Reached skill level 1 in Short Blades
  1051 | D:2      | Reached skill level 1 in Long Blades
  1051 | D:2      | Reached skill level 1 in Axes
  1051 | D:2      | Reached skill level 1 in Maces & Flails
  1051 | D:2      | Reached skill level 1 in Polearms
  1051 | D:2      | Reached skill level 1 in Staves
  1051 | D:2      | Reached skill level 1 in Slings
  1051 | D:2      | Reached skill level 1 in Bows
  1051 | D:2      | Reached skill level 1 in Crossbows
  1051 | D:2      | Reached skill level 1 in Throwing
  1051 | D:2      | Reached skill level 1 in Armour
  1051 | D:2      | Reached skill level 1 in Stealth
  1051 | D:2      | Reached skill level 1 in Shields
  1051 | D:2      | Reached skill level 1 in Evocations
  1272 | D:2      | Found a basalt altar of Yredelemnul.
  1476 | D:2      | Reached XP level 4. HP: 34/34 MP: 11/11
  1780 | D:3      | Huge Dmg: 7 dmg
  1902 | D:3      | Reached skill level 1 in Conjurations
  1902 | D:3      | Reached skill level 1 in Hexes
  1902 | D:3      | Reached skill level 1 in Charms
  1902 | D:3      | Reached skill level 1 in Summonings
  1902 | D:3      | Reached skill level 1 in Necromancy
  1902 | D:3      | Reached skill level 1 in Translocations
  1902 | D:3      | Reached skill level 1 in Fire Magic
  1902 | D:3      | Reached skill level 1 in Ice Magic
  1902 | D:3      | Reached skill level 1 in Air Magic
  1902 | D:3      | Reached skill level 1 in Earth Magic
  1902 | D:3      | Reached skill level 1 in Poison Magic
  2090 | D:3      | Found a shattered altar of Ashenzari.
  2092 | D:3      | Found a white marble altar of Elyvilon.
  2093 | D:3      | Found an opulent altar of Gozag.
  2094 | D:3      | Found a snail-covered altar of Cheibriados.
  2095 | D:3      | Found a sacrificial altar of Ru.
  2120 | D:3      | Became a worshipper of Cheibriados the Contemplative
  2392 | D:4      | Reached XP level 5. HP: 37/40 MP: 12/12
  2417 | D:4      | You fall into a shaft and drop 3 floors!
  2417 | D:7      | Found a shimmering altar of Xom.
  2417 | D:7      | Found a glowing silver altar of Zin.
  2417 | D:7      | Noticed an angel
  2418 | D:7      | Noticed a black bear
  2426 | D:7      | Huge Dmg: 5 dmg
  2427 | D:7      | Killed a black bear
  2427 | D:7      | Reached XP level 6. HP: 21/47 MP: 10/13
  2449 | D:7      | Found a staircase to the Ecumenical Temple.
  2452 | D:7      | Noticed an orc warrior
  2455 | D:7      | Reached skill level 5 in Dodging
  2464 | D:7      | HP: 1/47 [orc warrior/+0 battleaxe (24)]
  2465 | D:7      | Huge Dmg: 24 dmg
  2466 | D:7      | Mangled by an orc warrior

Levels and vault maps discovered:
D:1:      eino_arrival_water_cross, layout_basic, minmay_lizard_king
D:2:      layout_basic, overflow_temple_1_default
D:3:      layout_basic, grunt_temple_overflow_open
D:4:      layout_loops_ring, first_ration, tso_altar
D:7:      layout_basic, grunt_temple_overflow_order_and_chaos_1,
          minmay_temple_entry_crystal_x, the_bakery

Skill      XL: |  1  2  3  4  5  6 |
---------------+-------------------+-----
Spellcasting   | 5 |  5.3
Invocations    | 1 2 |  2.1
Short Blades   | 1 2 |  2.0
Long Blades    | 1 2 |  2.0
Axes           | 1 2 |  2.0
Maces & Flails | 1 2 |  2.0
Polearms       | 1 2 |  2.0
Staves         | 1 2 |  2.0
Slings         | 1 2 |  2.0
Bows           | 1 2 |  2.0
Crossbows      | 1 2 |  2.0
Throwing       | 1 2 |  2.0
Armour         | 1 2 |  2.0
Stealth        | 1 2 |  2.0
Shields        | 1 2 |  2.0
Evocations     | 1 2 |  2.0
Conjurations   | 1 |  1.5
Hexes          | 1 |  1.5
Charms         | 1 |  1.5
Summonings     | 1 |  1.5
Necromancy     | 1 |  1.5
Translocations | 1 |  1.5
Fire Magic     | 1 |  1.5
Ice Magic      | 1 |  1.5
Air Magic      | 1 |  1.5
Earth Magic    | 1 |  1.5
Poison Magic   | 1 |  1.5
Fighting       | 3 |  3.2
Transmutations | 4 |  4.1
Dodging        | 5 |  5.0
Unarmed Combat | |  6.8

Action                   |  1- 3 |  4- 6 || total
-------------------------+-------+-------++-------
Melee: Unarmed           |    83 |    83 ||   166
       Bite              |     9 |     1 ||    10
       Headbutt          |     2 |       ||     2
       Punch             |     1 |     3 ||     4
       Kick              |     4 |       ||     4
 Cast: Beastly Appendage |     6 |       ||     6
       Spider Form       |     1 |     8 ||     9
 Stab: Sleeping          |     2 |       ||     2
  Eat: Chunk             |     2 |     4 ||     6
Armor: Robe              |    10 |     7 ||    17
       Skin              |       |     2 ||     2
Dodge: Dodged            |    47 |    97 ||   144

Table legend:
 A = Non-vault XP
 B = Vault XP
 C = Vault XP percentage of total XP
 D = Non-vault monster count
 E = Vault monster count
 F = Vault count percentage of total count
                 A         B        C        D         E       F
            +---------+---------+-------+---------+---------+-------
      Total |     459 |       8 |   1.7 |      59 |       6 |   9.2
            +---------+---------+-------+---------+---------+-------
        D:1 |      25 |       8 |  24.2 |      13 |       6 |  31.6
        D:2 |      56 |       0 |   0.0 |      18 |       0 |   0.0
        D:3 |      73 |       0 |   0.0 |      20 |       0 |   0.0
        D:4 |      38 |       0 |   0.0 |       2 |       0 |   0.0
        D:7 |     267 |       0 |   0.0 |       6 |       0 |   0.0
            +---------+---------+-------+---------+---------+-------
